 Dungeon Crawl Stone Soup version 0.18-a0-900-gbbf5c82 (webtiles) character file.

109472 tof the Severer (level 16, -52/132 HPs)
             Began as a Minotaur Monk on Dec 21, 2015.
             Was the Champion of Makhleb.
             Killed from afar by Roxanne (76 damage)
             ... with a crystal spear
             ... on level 15 of the Dungeon on Dec 24, 2015.
             The game lasted 03:43:33 (29965 turns).

tof the Severer (Minotaur Monk)                    Turns: 29965, Time: 03:43:34

Health: -52/132    AC: 21    Str: 18    XL:     16   Next: 5%
Magic:  19/19      EV: 19    Int:  9    God:    Makhleb [******]
Gold:   1390       SH:  6    Dex: 20    Spells: 0 memorised, 15 levels left

rFire  + . .     SeeInvis .     b - +5 battleaxe (flame)
rCold  . . .     Gourm    .     M - +5 ring mail
rNeg   + . .     Faith    .     (shield currently unavailable)
rPois  .         Spirit   .     v - +0 hat "Laipnada" {rN+ MR- Stlth+}
rElec  .         Dismiss  .     i - +2 cloak
rCorr  .         Reflect  +     K - +2 pair of gloves {archery}
SustAt .         Harm     .     H - +2 pair of boots
MR     .....                    n - +6 amulet of reflection
Stlth  +++++.....               h - ring of stealth
                                X - ring of stealth

@: about to teleport, not resistant to hostile enchantments, quite stealthy
A: retaliatory headbutt, horns 2, talons 1, agile 1, blink, clever 1, deformed
body, fire resistance 1, frail 1
a: Blink, Minor Destruction, Lesser Servant of Makhleb, Major Destruction,
Greater Servant of Makhleb, Renounce Religion


You were on level 15 of the Dungeon.
You worshipped Makhleb.
Makhleb was exalted by your worship.
You were not hungry.

You visited 3 branches of the dungeon, and saw 24 of its levels.
You also visited: Ossuary, Bailey and Ice Cave.

You collected 2222 gold pieces.
You spent 832 gold pieces at shops.

Inventory:

Hand Weapons
 a - the +9 arbalest of the Spectre {speed, Dex+2}
   (You found it on level 6 of the Dungeon)

   Attacks with this weapon are significantly faster.
   It affects your dexterity (+2).
 b - a +5 battleaxe of flaming (weapon)
 k - a +3 battleaxe of chopping
 L - a +2 vampiric spear
Missiles
 U - 16 bolts of frost
 Y - 133 bolts
Armour
 i - a +2 cloak (worn)
 v - the +0 hat "Laipnada" (worn) {rN+ MR- Stlth+}
   (You acquired it on level 9 of the Dungeon)

   It protects you from negative energy.
   It affects your resistance to hostile enchantments.
   It makes you more stealthy.
 H - a +2 pair of boots (worn)
 K - a +2 pair of gloves of archery (worn)
 M - a +5 ring mail (worn)
Jewellery
 f - the amulet of Elitism {rCorr MR+ Dex+2}
   (You found it on level 8 of the Lair of Beasts)

   [amulet of resist corrosion]

   It protects you from acid and corrosion.
   It affects your dexterity (+2).
   It affects your resistance to hostile enchantments.
 h - a ring of stealth (right hand)
 m - an uncursed ring of positive energy
 n - a +6 amulet of reflection (around neck)
 t - an uncursed amulet of dismissal
 D - an uncursed ring of protection from fire
 O - an uncursed ring of see invisible
 Q - an uncursed ring of protection from cold
 X - a ring of stealth (left hand)
Wands
 d - a wand of paralysis (8/24)
 l - a wand of disintegration (15/24)
 s - a wand of heal wounds (2/9)
 u - a wand of confusion (23/48)
 E - a wand of teleportation (4/9)
 G - a wand of disintegration (13/24)
 W - a wand of frost (28/48)
Scrolls
 c - 6 scrolls of identify
 e - 2 scrolls of teleportation
 g - 14 scrolls of remove curse
 o - 4 scrolls of blinking
 x - 5 scrolls of recharging
 y - 4 scrolls of magic mapping
 A - 3 scrolls of fog
 B - 6 scrolls of fear
 R - a scroll of holy word
 S - a scroll of enchant armour
Potions
 j - 6 potions of curing
 q - 3 potions of lignification
 r - 4 potions of invisibility
 w - 2 potions of flight {unknown}
 C - 3 potions of haste
 F - 2 potions of resistance
 I - 2 potions of heal wounds
 J - 3 potions of cancellation
 P - a potion of agility
Miscellaneous
 p - a plain deck of defence
Comestibles
 z - 11 meat rations
 N - 18 bread rations
 T - 6 slices of pizza
 V - a chunk of flesh


   Skills:
 * Level 14.6 Fighting
 * Level 16.1 Axes
 + Level 1.9(11.0) Polearms
 * Level 15.6 Crossbows
 * Level 13.3 Armour
 + Level 9.6 Dodging
 * Level 5.4 Stealth
   Level 3.7 Shields
 + Level 5.4 Unarmed Combat
 + Level 1.0 Invocations
 * Level 5.5 Evocations


You had 15 spell levels left.
You didn't know any spells.

Dungeon Overview and Level Annotations

Branches:
Dungeon (15/15)            Temple (1/1) D:7            Lair (8/8) D:11
 Shoals (0/4) Lair:5       Spider (0/4) Lair:5        Slime (0/6) Lair:8
    Orc (0/2) D:10         Vaults (0/5) D:13
 Depths: D:15

Altars:
Ashenzari
Cheibriados
Dithmenos
Elyvilon
Fedhas
Gozag
Kikubaaqudgha
Makhleb
Nemelex Xobeh
Okawaru
Pakellas
Qazlal
Ru
Sif Muna
Trog
Vehumet
Xom
Yredelemnul
Zin
The Shining One

Shops:
D:12 ?

Portals:
Trove: D:10 (give +6 demon trident)

Annotations:
D:15 exclusion: Roxanne, Roxanne


Innate Abilities, Weirdness & Mutations

You reflexively headbutt those who attack you in melee.
You have a pair of horns on your head.
You have sharp toenails.
You are agile. (Dex +2)
You can translocate small distances at will.
Your mind is acute. (Int +2)
Armour fits poorly on your strangely shaped body.
Your flesh is heat resistant.
You are frail (-10% HP).


Message History

Zapping:
s - a wand of heal wounds (3/9)
Press: ? - help, Shift-Dir - straight line, f - you You feel much better.
This wand has 2 charges left.
The centaur shoots an arrow.
The arrow hits you!
* * * LOW HITPOINT WARNING * * *
The centaur warrior shoots an arrow of flame.
The arrow of flame barely misses you.
Roxanne says, "At least I didn't end up somewhere with nobody to talk to."
You hear a shout!
You slash Roxanne! You headbutt Roxanne.
Roxanne is moderately damaged.
You hit the kobold demonologist. You burn the kobold demonologist.
The kobold demonologist is lightly wounded.
The centaur warrior shoots an arrow of flame.
The arrow of flame hits you!
* * * LOW HITPOINT WARNING * * *
Roxanne mumbles some strange words.
The crystal spear hits you!
Ouch! That really hurt!
You die...

.... ....( ....
## ## ...# .##
c.. #####...
.c#..
##....$5##scy
#.......K..#
..(.!...8@.# #
#..(.......##.#
#.............#
#........(.####
#.........##
##...(...##
#.......<.#
#.........#
#.........#


You could see Roxanne, a wolf spider, a centaur warrior, a kobold demonologist,
a wasp, 2 centaurs and a crimson imp.

Vanquished Creatures
  Rupert (D:13)
  Kirke (Lair:5)
  A frost giant (IceCv)
  Maud (Lair:5)
  7 eidola (D:14)
  Josephine (D:11)
  A fire dragon (Lair:8)
  Harold (D:10)
  Fannar (Lair:2)
  9 hydras
  An ice dragon (Lair:6)
  2 centaur warriors (D:13)
  6 death yaks
  A vampire mage (D:14)
  Sonja (Lair:4)
  3 skeletal warriors
  A deep elf archer (D:13)
  Pikel (D:7)
  4 hill giants
  A wolf spider zombie (D:14)
  A necromancer (D:14)
  A wolf spider (Lair:8)
  2 griffons
  A cyclops (D:13)
  5 deep elf magi
  An orb spider (Lair:5)
  4 ugly things
  Joseph (D:7)
  An ice statue (IceCv)
  A guardian serpent (Lair:8)
  5 elephants (Lair:7)
  9 black mambas
  A hornet (Lair:8)
  7 komodo dragons
  2 gargoyles
  3 yaktaurs (D:13)
  An efreet (D:14)
  A kobold demonologist (D:13)
  26 spiny frogs
  4 fire drakes
  5 two-headed ogres
  5 trolls
  16 polar bears
  A hornet zombie (D:14)
  24 blink frogs
  A trapdoor spider zombie (D:12)
  A boulder beetle (Lair:7)
  A trapdoor spider (D:10)
  A shadow (D:11)
  96 yaks
  4 wyverns
  2 flying skulls (D:14)
  5 hogs
  11 hippogriffs
  5 basilisks
  4 wraiths (D:11)
  30 wolves
  2 mottled dragons (Lair:8)
  6 vampire mosquitoes
  3 humans
  A steam dragon (Lair:8)
  Menkaure (D:6)
  3 hungry ghosts
  24 water moccasins
  4 black bears
  9 ice beasts
  6 porcupines
  6 centaurs
  7 wasps (Lair:8)
  An eye of draining (D:14)
  5 sky beasts
  3 slaves (D:7)
  4 necrophages
  5 swamp drakes (Lair:8)
  8 orc warriors
  2 phantoms
  2 ogres (D:10)
  4 big kobolds
  13 giant frogs
  Blork the orc (D:6)
  17 crocodiles
  A gnoll sergeant (D:5)
  A wyvern zombie (D:14)
  2 wyvern skeletons
  10 scorpions
  A troll zombie (D:10)
  6 killer bees (D:11)
  7 wights
  A giant frog zombie (D:13)
  9 crimson imps
  12 hounds
  7 centaur zombies
  3 human zombies (Ossuary)
  16 jellies
  5 giant frog skeletons
  15 orc wizards
  6 centaur skeletons
  3 gnoll shamans (D:5)
  An orc priest (D:10)
  Crazy Yiuf (D:7)
  15 worker ants
  Natasha (D:2)
  10 iguanas
  2 big kobold zombies (Ossuary)
  17 sheep
  5 ogre zombies (D:10)
  A hound zombie (D:4)
  3 mummies
  2 worker ant zombies
  4 scorpion zombies (Ossuary)
  18 adders
  2 shadow imps
  2 white imps (Lair:6)
  38 gnolls (D:5)
  76 river rats
  3 oozes
  2 adder skeletons
  3 worms
  6 giant geckos
  44 orcs
  5 bats
  5 giant cockroaches
  6 hobgoblins
  31 jackals
  33 kobolds
  5 quokkas
  A ball python (D:6)
  A giant cockroach zombie (D:5)
  13 goblins
  A goblin skeleton (D:10)
  4 goblin zombies
  A hobgoblin skeleton (D:10)
  6 hobgoblin zombies
  3 kobold zombies (Ossuary)
  An orc skeleton (D:10)
  12 orc zombies
  5 rats
  5 fungi
  10 plants
980 creatures vanquished.

Vanquished Creatures (collateral kills)
  A hog (Lair:5)
  An ogre (D:9)
  A crocodile (D:9)
  A wyvern zombie (D:14)
4 creatures vanquished.

Vanquished Creatures (others)
  A centaur skeleton (D:13)
  A yak (IceCv)
  A hippogriff (Lair:7)
  A slave (D:7)
  A wight (D:7)
  A giant frog skeleton (D:13)
  An iguana (Lair:8)
  A mummy (Ossuary)
  A hobgoblin zombie (Ossuary)
  14 fungi
  33 plants
56 creatures vanquished.

Grand Total: 1040 creatures vanquished

Notes
Turn   | Place    | Note
--------------------------------------------------------------
     0 | D:1      | tof the Minotaur Monk began the quest for the Orb.
     0 | D:1      | Reached XP level 1. HP: 19/19 MP: 0/0
   298 | D:1      | Reached XP level 2. HP: 24/27 MP: 1/1
   747 | D:2      | Found a faded altar to an unknown god.
   860 | D:2      | Reached skill level 5 in Unarmed Combat
   860 | D:2      | Reached XP level 3. HP: 33/33 MP: 2/2
   922 | D:2      | Noticed Natasha
   924 | D:2      | Reached skill level 1 in Axes
   927 | D:2      | Killed Natasha
   988 | D:2      | Reached XP level 4. HP: 40/40 MP: 3/3
  1220 | D:2      | Reached skill level 1 in Armour
  1758 | D:3      | Found a glowing golden altar of the Shining One.
  1763 | D:3      | Found a basalt altar of Yredelemnul.
  1765 | D:3      | Noticed a profane servitor
  1925 | D:3      | Reached XP level 5. HP: 42/46 MP: 4/4
  2114 | D:3      | Noticed an angel
  2190 | D:4      | Found a sand-covered staircase.
  2207 | Ossuary  | Entered an ossuary
  2445 | Ossuary  | Reached XP level 6. HP: 49/53 MP: 5/5
  2594 | Ossuary  | Reached skill level 1 in Shields
  2690 | Ossuary  | Reached skill level 5 in Axes
  2690 | Ossuary  | Reached XP level 7. HP: 56/60 MP: 6/6
  2790 | Ossuary  | Reached skill level 5 in Fighting
  3053 | Ossuary  | Reached skill level 6 in Axes
  4022 | D:4      | Reached XP level 8. HP: 58/70 MP: 7/7
  4189 | D:5      | Entered Level 5 of the Dungeon
  4450 | D:5      | Got a crystal spear
  4451 | D:5      | Identified the cursed +1 spear of the Jester {pierce, rF+} (You found it on level 5 of the Dungeon)
  4665 | D:5      | Reached skill level 7 in Axes
  5369 | D:5      | Reached skill level 5 in Armour
  5385 | D:5      | Reached skill level 5 in Dodging
  5733 | D:5      | Reached skill level 1 in Polearms
  6228 | D:6      | Noticed Menkaure
  6811 | D:6      | Killed Menkaure
  6811 | D:6      | Reached XP level 9. HP: 45/79 MP: 8/8
  7029 | D:6      | Got a faintly glowing arbalest
  7030 | D:6      | Identified the +9 arbalest of the Spectre {speed, Dex+2} (You found it on level 6 of the Dungeon)
  7200 | D:6      | Found a white marble altar of Elyvilon.
  7240 | D:6      | Noticed Blork the orc
  7246 | D:6      | Killed Blork the orc
  7246 | D:6      | Reached skill level 8 in Fighting
  7868 | D:7      | Noticed Pikel
  7883 | D:7      | Killed Pikel
  8193 | D:7      | Found a staircase to the Ecumenical Temple.
  8193 | D:7      | Noticed Joseph
  8209 | D:7      | Killed Joseph
  8209 | D:7      | Reached skill level 1 in Crossbows
  8460 | Temple   | Entered the Ecumenical Temple
  8597 | Temple   | Became a worshipper of Makhleb the Destroyer
  8597 | Temple   | Reached * piety under Makhleb
  8597 | Temple   | Reached ** piety under Makhleb
  8667 | D:7      | Noticed Crazy Yiuf
  8674 | D:7      | Killed Crazy Yiuf
  8695 | D:7      | Gained mutation: You are frail (-10% HP). [potion of mutation]
  8695 | D:7      | Gained mutation: Your spells are a little easier to cast, but a little less powerful. [potion of mutation]
  8695 | D:7      | Gained mutation: You tend to lose your temper in combat. [potion of mutation]
  8702 | D:7      | Gained mutation: You can translocate small distances at will. [potion of beneficial mutation]
  8854 | D:8      | Reached skill level 9 in Fighting
  9057 | D:8      | Reached XP level 10. HP: 81/81 MP: 9/9
  9794 | D:9      | Identified a scroll of acquirement
  9795 | D:9      | Got a faintly glowing hat
  9801 | D:9      | Identified the +0 hat "Laipnada" {rN+ MR- Stlth+} (You acquired it on level 9 of the Dungeon)
  9967 | D:9      | Found a blossoming altar of Fedhas.
 10086 | D:9      | Reached skill level 5 in Crossbows
 10136 | D:9      | Reached *** piety under Makhleb
 10377 | D:10     | Entered Level 10 of the Dungeon
 10431 | D:10     | Gained mutation: You have a pair of large horns on your head. [mutagenic meat]
 10440 | D:10     | Lost mutation: You are frail (-10% HP). [mutagenic meat]
 10441 | D:10     | Gained mutation: Your mind is acute. (Int +2) [mutagenic meat]
 10443 | D:10     | Lost mutation: Your spells are a little easier to cast, but a little less powerful. [mutagenic meat]
 10444 | D:10     | Reached skill level 10 in Axes
 10530 | D:10     | Reached skill level 10 in Fighting
 10544 | D:10     | Reached XP level 11. HP: 68/99 MP: 10/10
 10712 | D:10     | Found a staircase to the Orcish Mines.
 10807 | D:10     | Reached **** piety under Makhleb
 10943 | D:10     | Noticed Harold
 10954 | D:10     | Killed Harold
 11208 | D:10     | Found an iron altar of Okawaru.
 11423 | D:10     | Found a portal to a secret trove of treasure.
 12108 | D:11     | Reached skill level 10 in Armour
 12127 | D:11     | Reached ***** piety under Makhleb
 12130 | D:11     | Reached skill level 11 in Axes
 12207 | D:11     | Noticed Josephine
 12211 | D:11     | Killed Josephine
 12647 | D:11     | Found a staircase to the Lair.
 12851 | Lair:1   | Entered Level 1 of the Lair of Beasts
 13206 | Lair:1   | Reached XP level 12. HP: 110/110 MP: 11/11
 13458 | Lair:1   | Noticed a four-headed hydra
 13464 | Lair:1   | Killed a one-headed hydra
 13724 | Lair:1   | Reached skill level 12 in Axes
 13921 | Lair:1   | Noticed an eight-headed hydra
 13926 | Lair:1   | Killed a four-headed hydra
 14268 | Lair:2   | Noticed Fannar
 14281 | Lair:2   | Killed Fannar
 14920 | Lair:3   | Noticed a five-headed hydra
 14924 | Lair:3   | Killed a five-headed hydra
 15040 | Lair:3   | Reached ****** piety under Makhleb
 15249 | Lair:3   | Reached skill level 10 in Crossbows
 15450 | Lair:3   | Reached skill level 13 in Axes
 15899 | Lair:4   | Found a frozen archway.
 15938 | IceCv    | Entered an ice cave
 15958 | IceCv    | Upgraded the game from 0.18-a0-875-ga513d27 to 0.18-a0-884-gb6cfd45
 15987 | IceCv    | Reached XP level 13. HP: 119/119 MP: 12/12
 16563 | IceCv    | Lost mutation: Your mind is acute. (Int +2) [potion of cure mutation]
 16563 | IceCv    | Lost mutation: You tend to lose your temper in combat. [potion of cure mutation]
 16563 | IceCv    | Lost mutation: You have a pair of large horns on your head. [potion of cure mutation]
 16563 | IceCv    | Lost mutation: You can translocate small distances at will. [potion of cure mutation]
 16578 | IceCv    | Noticed a frost giant
 16622 | IceCv    | Killed a frost giant
 16951 | Lair:4   | Reached skill level 14 in Axes
 17010 | Lair:4   | Noticed Sonja
 17018 | Lair:4   | Killed Sonja
 17018 | Lair:4   | Reached skill level 1 in Evocations
 17619 | Lair:4   | Gained mutation: You can translocate small distances at will. [potion of mutation]
 17619 | Lair:4   | Gained mutation: Your mind is acute. (Int +2) [potion of mutation]
 17619 | Lair:4   | Gained mutation: You are frail (-10% HP). [potion of mutation]
 18431 | Lair:5   | Found a hole to the Spider Nest.
 18464 | Lair:5   | Noticed Kirke
 18888 | Lair:5   | Noticed Maud
 18907 | Lair:5   | Killed Maud
 19649 | Lair:5   | Found a staircase to the Shoals.
 19926 | Lair:6   | Reached XP level 14. HP: 116/116 MP: 14/14
 22219 | Lair:8   | Entered Level 8 of the Lair of Beasts
 22838 | Lair:8   | Got a brightly glowing jade amulet
 22875 | Lair:8   | Identified the amulet of Elitism {rCorr MR+ Dex+2} (You found it on level 8 of the Lair of Beasts)
 23045 | Lair:8   | Reached skill level 15 in Axes
 23168 | Lair:8   | Found a staircase to the Slime Pits.
 23213 | Lair:8   | Found a burning altar of Makhleb.
 23653 | Lair:8   | Reached XP level 15. HP: 73/124 MP: 17/17
 24080 | Lair:8   | Identified the Grimoire of Lucky Curses (You found it on level 8 of the Lair of Beasts)
 24300 | Lair:8   | Gained mutation: You are agile. (Dex +2) [mutagenic meat]
 24302 | Lair:8   | Gained mutation: You have sharp toenails. [mutagenic meat]
 24303 | Lair:8   | Gained mutation: Armour fits poorly on your strangely shaped body. [mutagenic meat]
 24304 | Lair:8   | Gained mutation: Your flesh is heat resistant. [mutagenic meat]
 24967 | Lair:5   | Killed Kirke
 26124 | D:12     | Found Etud's Magic Scroll Boutique.
 26128 | D:12     | Bought a scroll of acquirement for 832 gold pieces
 26169 | D:12     | Got a pitted ruby amulet
 26171 | D:12     | Identified the amulet of Zavourph {Gourm Int+4} (You found it on level 12 of the Dungeon)
 26466 | D:13     | Upgraded the game from 0.18-a0-884-gb6cfd45 to 0.18-a0-900-gbbf5c82
 26792 | D:13     | Found a flagged portal.
 26804 | Bailey   | Entered a bailey
 27614 | D:13     | Noticed Rupert
 27637 | D:13     | Killed Rupert
 27637 | D:13     | Reached skill level 15 in Crossbows
 27637 | D:13     | Reached skill level 5 in Evocations
 27869 | D:13     | Found a gate to the Vaults.
 28371 | D:13     | Reached skill level 5 in Stealth
 28594 | D:14     | Found a shattered altar of Ashenzari.
 28638 | D:14     | Got a bloodstained hand axe
 28639 | D:14     | Identified the +1 hand axe "Iwi Zyo" {venom, Int+3 SInv} (You found it on level 14 of the Dungeon)
 28719 | D:14     | Found a sacrificial altar of Ru.
 29294 | D:14     | Reached skill level 16 in Axes
 29377 | D:14     | Reached skill level 1 in Invocations
 29576 | D:14     | Reached XP level 16. HP: 132/132 MP: 19/19
 29910 | D:15     | Entered Level 15 of the Dungeon
 29910 | D:15     | Noticed Roxanne
 29965 | D:15     | Killed from afar by Roxanne

Vault maps used:
D:1:      dpeg_arrival_tiny_c
D:2:      first_bread, ecumenical_altar_1, uniq_natasha
D:3:      grunt_temple_overflow_holy_war, corexii_shack
D:4:      nicolae_ossuary_entry_giza
D:5:      lemuel_castle_with_subvaults
D:6:      lemuel_statue_altar, uniq_blork_the_orc, uniq_menkaure
D:7:      minmay_temple_entry_fiery, hangedman_decor_points,
          uniq_crazy_yiuf_cottage, uniq_pikel, uniq_joseph
D:8:      minmay_misc_feat_ornament, grunt_pizzeria
D:9:      fedhas_altar_3
D:10:     zombieorc1_lemuel, enter_trove_1, okawaru_humans, uniq_harold
D:11:     david_lair_shrubbed, uniq_josephine
D:12:     serial_shops, shop
D:13:     hangedman_vaults_entry_quadrant_bands, enter_bailey_2, uniq_rupert
D:14:     hangedman_screamer, ashenzari_altar_1, nicolae_ru_path_of_blood
D:15:     gammafunk_enter_depths_forms, nicolae_dithmenos_shadow_blocks,
          uniq_roxanne
Temple:   dpeg_three_leaves_temple_18
Lair:1:   hibernation_bobbens, lemuel_fruit_fields
Lair:2:   bh_autumn_forest_stairs, uniq_fannar
Lair:3:   lemuel_fruit_fields, grunt_megastairs_5
Lair:4:   portal_ice_cave_entry_ice_beasts, uniq_sonja
Lair:5:   shoals_dummy_entry, nicolae_spider_entry_orb_guardian, st_stairs_8,
          uniq_kirke, uniq_maud
Lair:6:   bobbens_ice_dragon_lair
Lair:8:   guppyfry_lair_end_dragon, hangedman_lair_tendril_chambers,
          minmay_slime_entry_jelly_boxes, basic_altar, minivault_25,
          minivault_19
Ossuary:  ossuary_minmay_scorpions
Bailey:   bailey_axe_1, bailey
IceCv:    ice_cave_caverns_02

Action                   |  1- 3 |  4- 6 |  7- 9 | 10-12 | 13-15 | 16-18 || total
-------------------------+-------+-------+-------+-------+-------+-------++-------
Melee: Hand axe          |    48 |   161 |   134 |       |       |       ||   343
       Unarmed           |     3 |       |       |       |     7 |       ||    10
       Spear             |       |       |   217 |       |       |       ||   217
       Battleaxe         |       |       |   105 |   426 |   640 |    14 ||  1185
 Fire: Arbalest          |       |       |    28 |   232 |   736 |    20 ||  1016
Invok: Lesser Servant of |       |       |       |       |     1 |       ||     1
       Greater Servant o |       |       |       |       |     1 |       ||     1
 Abil: Blink             |       |       |       |       |    20 |       ||    20
Evoke: Wand              |       |       |       |       |     4 |     2 ||     6
  Use: Scroll            |       |       |    11 |    20 |    18 |     1 ||    50
       Potion            |       |       |    14 |     3 |     7 |       ||    24
 Stab: Sleeping          |     1 |     2 |       |     3 |    15 |     1 ||    22
       Invisible         |       |       |       |       |     2 |       ||     2
       Distracted        |       |       |       |       |     3 |       ||     3
       Confused          |       |       |       |       |     1 |       ||     1
  Eat: Chunk             |       |     4 |    16 |    16 |    28 |       ||    64
       Beef jerky        |       |     1 |     1 |     2 |     2 |       ||     6
       Pizza             |       |       |     1 |       |     2 |     1 ||     4
       Bread ration      |       |       |     2 |       |     1 |       ||     3
       Meat ration       |       |       |       |     1 |       |       ||     1
       Royal jelly       |       |       |       |     3 |     1 |       ||     4
       Fruit             |       |       |       |     4 |    11 |       ||    15
